 Dungeon Sprint DCSS version 0.22-a0-877-g5c4e1af (webtiles) character file.

1819 Brynnhild the Protected (level 9, -11/60 HPs)
             Began as a Tengu Fighter on July 29, 2018.
             Was a Priest of Cheibriados.
             Mangled by a two-headed ogre
             ... wielding a +0 giant spiked club
              (19 damage)
             ... in the Dungeon (Sprint IX: "|||||||||||||||||||||||||||||").
             The game lasted 00:01:57 (561 turns).

Brynnhild the Protected (Tengu Fighter)              Turns: 561, Time: 00:01:58

Health: -11/60     AC: 16    Str: 24    XL:     9   Next: 10%
Magic:  7/14       EV: 13    Int: 17    God:    Cheibriados [***...]
Gold:   0          SH: 13    Dex: 25    Spells: 8/8 levels left

rFire    . . .     SeeInvis .   o - +2 scimitar (slice)
rCold    . . .     Gourm    .   c - +0 shield
rNeg     . . .     Faith    .   q - +1 chain mail
rPois    .         Spirit   .   (helmet restricted)
rElec    .         Reflect  .   (no cloak)
rCorr    .         Harm     .   p - +0 pair of gloves
MR       .....     NoTele   +   (boots unavailable)
Stlth    ..........             (no amulet)
HPRegen  0.20/turn              r - +2 ring of evasion
MPRegen  0.14/turn              s - +2 ring of protection

@: flying quickly and evasively, very slow
A: beak, talons 3, able to fly 1
a: Bend Time, Temporal Distortion, Renounce Religion


You were in the Dungeon.
You worshipped Cheibriados.
Cheibriados was most pleased with you.
You were not hungry.

You visited 1 branch

Inventory:

Hand Weapons
 o - a +2 scimitar of slicing (weapon)
Armour
 c - a +0 shield (worn)
 p - a +0 pair of gloves (worn)
 q - a +1 chain mail (worn)
Jewellery
 r - a +2 ring of evasion (left hand)
 s - a +2 ring of protection (right hand)
Scrolls
 k - 2 scrolls of blinking
 l - 3 scrolls of remove curse
 m - 2 scrolls of amnesia
Potions
 d - a potion of might
 e - 5 potions of curing
 g - 3 potions of heal wounds
 h - a potion of haste
 i - 4 potions of magic
 j - a potion of invisibility
Comestibles
 a - 2 chunks of flesh
 f - a ration


   Skills:
 + Level 9.3 Fighting
 + Level 10.4 Long Blades
 + Level 11.4 Armour
 + Level 2.3 Dodging
 + Level 9.2 Shields
 * Level 6.6 Invocations


You had 8 spell levels left.
You didn't know any spells.
Your spell library was empty.

Dungeon Overview and Level Annotations

Branches:
Dungeon (1/1)

Altars:
Cheibriados
Dithmenos
Elyvilon
Fedhas
Gozag
Hepliaklqana
Kikubaaqudgha
Makhleb
Nemelex Xobeh
Okawaru
Qazlal
Ru
Sif Muna
Trog
Uskayaw
Vehumet
Wu Jian
Xom
Yredelemnul
Zin
The Shining One
Beogh
Jiyva
Lugonu


Innate Abilities, Weirdness & Mutations

You have a beak for a mouth.
You have claws for feet.
You can fly.


Message History

Unknown command.
Unknown command.
Unknown command.
Unknown command.
Your shield and chain mail prevent you from hitting the two-headed ogre.
You claw the two-headed ogre, but do no damage.
You peck the two-headed ogre.
The two-headed ogre is lightly wounded.
You block the two-headed ogre's attack. The two-headed ogre closely misses you.
You hit the two-headed ogre. You claw the two-headed ogre.
You peck the two-headed ogre, but do no damage.
The two-headed ogre is lightly wounded.
You completely miss the two-headed ogre.
You claw the two-headed ogre.
You peck the two-headed ogre, but do no damage.
The two-headed ogre is lightly wounded.
The two-headed ogre hits you with a giant spiked club!
* * * LOW HITPOINT WARNING * * *
The two-headed ogre hits you with a giant club!!
You die...

▓.▓
▓.▓
▓.▓
▓.▓
▓)▓
▓)▓
▓O▓
▓@▓
▓.▓
▓.▓
▓†▓
▓)▓
▓)▓
▓'▓
▓[▓
▓.▓


You could see a two-headed ogre.

Vanquished Creatures
  An ugly thing (D)
  A cyclops (D)
  A komodo dragon (shapeshifter) (D)
  A troll (D)
  An orc warrior (D)
  4 centaurs (D)
  A scorpion (D)
  A wight (D)
  A gnoll (D)
  2 adders (D)
  An orc (D)
  2 goblins (D)
  A hobgoblin (D)
  A ball python (D)
  A rat (D)
20 creatures vanquished.

Vanquished Creatures (others)
  A sky beast (D)
1 creature vanquished.

Grand Total: 21 creatures vanquished

Notes
Turn   | Place    | Note
-------+----------+-------------------------------------------
     0 | D        | Brynnhild the Tengu Fighter began the quest for the Orb.
     0 | D        | Reached XP level 1. HP: 14/14 MP: 2/2
   117 | D        | Noticed a centaur
   117 | D        | Noticed a sky beast
   119 | D        | Reached skill level 4 in Armour
   119 | D        | Reached XP level 2. HP: 20/20 MP: 3/3
   120 | D        | Reached XP level 3. HP: 24/24 MP: 4/4
   127 | D        | Killed a sky beast
   127 | D        | Reached skill level 5 in Fighting
   127 | D        | Reached skill level 5 in Long Blades
   127 | D        | Reached skill level 6 in Armour
   127 | D        | Reached skill level 5 in Shields
   127 | D        | Reached XP level 4. HP: 18/31 MP: 5/5
   131 | D        | Killed a centaur
   131 | D        | Reached skill level 7 in Armour
   131 | D        | Gained mutation: You can fly. [Tengu growth]
   131 | D        | Reached XP level 5. HP: 11/36 MP: 6/6
   431 | D        | Found a roughly hewn altar of Beogh.
   431 | D        | Found a snail-covered altar of Cheibriados.
   431 | D        | Found a shadowy altar of Dithmenos.
   431 | D        | Found a white marble altar of Elyvilon.
   431 | D        | Found a blossoming altar of Fedhas.
   431 | D        | Found an opulent altar of Gozag.
   432 | D        | Found a hazy altar of Hepliaklqana.
   433 | D        | Found a viscous altar of Jiyva.
   434 | D        | Found an ancient bone altar of Kikubaaqudgha.
   435 | D        | Became a worshipper of Cheibriados the Contemplative
   436 | D        | Found a corrupted altar of Lugonu.
   437 | D        | Found a burning altar of Makhleb.
   438 | D        | Found a sparkling altar of Nemelex Xobeh.
   439 | D        | Found an iron altar of Okawaru.
   440 | D        | Found a stormy altar of Qazlal.
   441 | D        | Found a sacrificial altar of Ru.
   442 | D        | Found a deep blue altar of Sif Muna.
   443 | D        | Found a bloodstained altar of Trog.
   444 | D        | Found a hide-covered altar of Uskayaw.
   445 | D        | Found a radiant altar of Vehumet.
   446 | D        | Found an ornate altar of the Wu Jian Council.
   447 | D        | Found a shimmering altar of Xom.
   448 | D        | Found a basalt altar of Yredelemnul.
   449 | D        | Found a glowing silver altar of Zin.
   450 | D        | Found a glowing golden altar of the Shining One.
   467 | D        | Found the +4 dagger "Morg" {pain, MR+ Int+5}
   497 | D        | Noticed a centaur
   497 | D        | Noticed a troll
   497 | D        | Noticed an orc warrior
   497 | D        | Noticed a centaur
   500 | D        | Killed a centaur
   500 | D        | Reached skill level 1 in Invocations
   500 | D        | Reached XP level 6. HP: 38/42 MP: 6/8
   500 | D        | Killed an orc warrior
   500 | D        | Reached skill level 8 in Armour
   500 | D        | Reached * piety under Cheibriados
   516 | D        | Killed a troll
   516 | D        | Reached ** piety under Cheibriados
   516 | D        | Reached skill level 9 in Armour
   516 | D        | Reached skill level 1 in Dodging
   516 | D        | Reached XP level 7. HP: 35/48 MP: 4/11
   548 | D        | Noticed a two-headed ogre
   548 | D        | Noticed a cyclops
   548 | D        | Noticed a komodo dragon
   548 | D        | Noticed a red ugly thing
   553 | D        | Killed a komodo dragon
   553 | D        | Reached skill level 10 in Armour
   553 | D        | Reached skill level 5 in Invocations
   553 | D        | Reached XP level 8. HP: 18/55 MP: 6/12
   553 | D        | Reached *** piety under Cheibriados
   556 | D        | Killed a red ugly thing
   556 | D        | Reached skill level 10 in Long Blades
   556 | D        | Killed a cyclops
   556 | D        | Reached skill level 11 in Armour
   556 | D        | Reached XP level 9. HP: 20/60 MP: 7/14
   561 | D        | Mangled by a two-headed ogre

Vault maps used:
D:        linesprint

Skill      XL: |  1  2  3  4  5  6  7  8 |
---------------+-------------------------+-----
Long Blades    | 3 5 6 7 8 9 10 | 10.4
Armour         | 4 6 7 9 10 11 | 11.4
Fighting       | 4 5 6 7 8 9 |  9.3
Shields        | 4 5 6 7 8 9 |  9.2
Invocations    | 1 4 5 6 |  6.6
Dodging        | 1 2 |  2.3

Action                   |  1- 3 |  4- 6 |  7- 9 || total
-------------------------+-------+-------+-------++-------
Melee: Long sword        |    15 |     3 |       ||    18
       Peck              |     2 |     2 |     4 ||     8
       Kick              |     2 |     6 |     4 ||    12
       Scimitar          |       |    14 |     6 ||    20
 Abil: Fly               |       |     1 |     1 ||     2
Evoke: Wand              |       |     2 |     8 ||    10
  Use: Potion            |     1 |       |       ||     1
Armor: Scale mail        |     3 |       |       ||     3
       Chain mail        |       |     9 |     3 ||    12
Dodge: Dodged            |     3 |     7 |     3 ||    13
Block: Shield            |     6 |    14 |     5 ||    25
       Rpst.: Long sword |     1 |       |       ||     1
       Scimitar          |       |     1 |     1 ||     2

Table legend:
 A = Spawn XP
 B = Non-spawn XP
 C = Spawn XP percentage of total XP
 D = Spawn monster count
 E = Non-spawn monster count
 F = Spawn count percentage of total count
 G = Total turns spent on level
                    A         B        C        D         E        F      G
               +---------+---------+-------+---------+---------+-------+---------
         Total |       0 |    2599 |   0.0 |       0 |      21 |   0.0 |   561
               +---------+---------+-------+---------+---------+-------+---------
             D |       0 |    2599 |   0.0 |       0 |      21 |   0.0 |   561
               +---------+---------+-------+---------+---------+-------+---------
